 Dungeon Crawl Stone Soup version 0.27.0-1-g7a089689b8 (webtiles) character file.

Game seed: 4323057408203685134

727 Housten the Ducker (level 7, -4/56 HPs)
             Began as a Gnoll Wanderer on Aug 16, 2021.
             Slain by a boulder beetle (23 damage)
             ... on level 6 of the Dungeon.
             The game lasted 00:31:52 (5662 turns).

Housten the Ducker (Gnoll Wanderer)                 Turns: 5662, Time: 00:31:53

Health: -4/56      AC: 11    Str: 14    XL:     7   Next: 72%
Magic:  11/11      EV: 11    Int: 10    God:
Gold:   217        SH:  0    Dex: 12    Spells: 11/11 levels left

rFire    . . .     SeeInvis .   y - +2 scythe (flame)
rCold    . . .     Faith    .   (shield currently unavailable)
rNeg     . . .     Spirit   .   b - +3 scale mail
rPois    .         Reflect  .   J - +0 helmet
rElec    .         Harm     .   G - scarf {repulsion}
rCorr    .         Rampage  .   (no gloves)
Will     +....                  (no boots)
Stlth    +.........             (no amulet)
HPRegen  0.18/turn              g - ring of willpower
MPRegen  0.12/turn              v - +4 ring of slaying

@: repel missiles
A: fangs 1, strong nose, distributed training
a: no special abilities


You were on level 6 of the Dungeon.
You visited 2 branches of the dungeon, and saw 7 of its levels.

You collected 217 gold pieces.

Inventory:

Hand Weapons
 a - a +0 quarterstaff
 d - a +0 club
 e - a +0 dagger
 j - a +0 hand axe
 y - a +2 scythe of flaming (weapon)
 z - a +2 quarterstaff of chaos
Missiles
 c - 5 boomerangs
 l - 140 stones
 u - 91 sling bullets
 A - 4 datura-tipped darts
 M - 11 poisoned darts
Armour
 b - a +3 scale mail (worn)
 G - a scarf of repulsion (worn)
 J - a +0 helmet (worn)
 K - the +1 leather armour of the Okapi {Contam Will+ Int+4}
   (You found it on level 5 of the Dungeon)

   Int:       It affects your intelligence (+4).
   Contam:    It causes magical contamination when unequipped.
   Will:      It increases your willpower.
Jewellery
 g - a ring of willpower (left hand)
 m - a ring of protection from fire
 v - a +4 ring of slaying (right hand)
Wands
 r - a wand of flame (28) (quivered)
 D - a wand of iceblast (10)
Scrolls
 n - a scroll of enchant armour
 p - 2 scrolls of torment
Potions
 k - a potion of resistance {unknown}
 o - 5 potions of degeneration
 w - 2 potions of flight {unknown}
 x - 4 potions of magic {unknown}
 C - a potion of berserk rage {unknown}
 E - a potion of heal wounds {unknown}
 F - 2 potions of haste {unknown}
 H - a potion of lignification {unknown}


   Skills:
 + Level 5.3 Fighting
 + Level 2.6 Short Blades
 + Level 2.6 Long Blades
 + Level 2.6 Axes
 + Level 2.6 Maces & Flails
 + Level 2.6 Polearms
 + Level 5.3 Staves
 + Level 2.6 Slings
 + Level 2.6 Bows
 + Level 2.6 Crossbows
 + Level 5.3 Throwing
 + Level 5.3 Armour
 + Level 5.3 Dodging
 + Level 2.6 Stealth
 + Level 2.6 Shields
 + Level 2.6 Unarmed Combat
 + Level 2.6 Spellcasting
 + Level 2.1 Conjurations
 + Level 2.1 Hexes
 + Level 2.1 Summonings
 + Level 2.1 Necromancy
 + Level 2.1 Translocations
 + Level 2.1 Transmutations
 + Level 2.1 Fire Magic
 + Level 2.1 Ice Magic
 + Level 2.1 Air Magic
 + Level 2.1 Earth Magic
 + Level 2.1 Poison Magic
 + Level 3.0 Invocations
 + Level 2.6 Evocations


You had 11 spell levels left.
You didn't know any spells.
Your spell library was empty.

Dungeon Overview and Level Annotations

Branches:
Dungeon (6/15)             Temple (1/1) D:4

Altars:
Cheibriados
Elyvilon
Fedhas
Kikubaaqudgha
Makhleb
Qazlal
Sif Muna
Trog
Uskayaw
Wu Jian
Xom
Yredelemnul

Shops:
D:1 :   D:3 [   D:6 [


Innate Abilities, Weirdness & Mutations

You have very sharp teeth.
Your uncanny sense of smell can sniff out nearby items.
Your experience applies equally to all skills.


Message History

You enter the shallow water.
Moving in this stuff is going to be slow.
There is an open door here.
There is a stone staircase leading down here.
You climb downwards.
There is a stone staircase leading up here.
Found a stone staircase leading up.
u - 91 sling bullets (gained 11)
A bullfrog skeleton comes into view.
You slice the bullfrog skeleton!! You burn the bullfrog skeleton.
The bullfrog skeleton is almost destroyed.
The bullfrog skeleton hits you but does no damage. x2
You barely miss the bullfrog skeleton. You bite the bullfrog skeleton.
You destroy the bullfrog skeleton!
Your Invocations skill increases to level 3!
No target in view!
Magic restored.
A boulder beetle comes into view.
A boulder beetle is nearby!
You reach to attack!
You hit the boulder beetle but do no damage.
The boulder beetle barely misses you.
You slash the boulder beetle! You burn the boulder beetle!
You bite the boulder beetle, but do no damage.
The boulder beetle is moderately wounded.
The boulder beetle bites you!! The boulder beetle barely misses you.
You hear a shout!
You hit the boulder beetle but do no damage.
The boulder beetle is moderately wounded.
You hear a shout!
An ogre comes into view. It is wielding a +0 giant club.
The boulder beetle bites you! The boulder beetle bites you.
You are too injured to fight recklessly!
Press: ? - help, v - describe, . - travel
Here: an ogre, wielding a +0 giant club The floor.
You hit the boulder beetle but do no damage.
The boulder beetle is moderately wounded.
The boulder beetle bites you!!
You die...

#.#..##......#
###+##.
.....#.......# #.#
#. ..#..#.#######
..# #. ###<...# #
#.# #. .##..#.#
#...# #.
.......#### #.#.#
## ..........
#..O# ...........
#.#B# ##.#.#.####
#..@# #.#...#
###.# ##...###
#.#.# .....# #...#
####.#########.###
#...........#
#############


You could see a boulder beetle and an ogre.

Vanquished Creatures
  Sigmund (D:3)
  An ogre (D:5)
  2 bullfrog zombies
  A jelly (D:6)
  Crazy Yiuf (D:3)
  2 hounds
  An orc priest (D:5)
  A bullfrog skeleton (D:6)
  Ijyb (D:3)
  2 iguanas
  An orc wizard (D:5)
  4 gnolls (D:5)
  5 adders
  A white imp (D:6)
  An adder skeleton (D:3)
  A dart slug (D:1)
  4 orcs
  8 ball pythons
  3 giant cockroaches
  11 goblins
  6 hobgoblins
  2 quokkas
  3 bats
  2 frilled lizards
  3 kobolds
  6 rats
74 creatures vanquished.

Vanquished Creatures (others)
  A quokka (D:2)
1 creature vanquished.

Grand Total: 75 creatures vanquished

Notes
Turn   | Place    | Note
-------+----------+-------------------------------------------
     0 | D:1      | Housten the Gnoll Wanderer began the quest for the Orb.
     0 | D:1      | Housten set off with the following items: a +0
                  | quarterstaff, a +2 scale mail, a potion of curing
     0 | D:1      | Reached XP level 1. HP: 20/20 MP: 1/1
   246 | D:1      | Reached XP level 2. HP: 26/26 MP: 2/2
   271 | D:1      | Found Dinopn's Book Shoppe.
   632 | D:2      | Reached XP level 3. HP: 31/31 MP: 3/3
   882 | D:2      | Reached skill level 1 in Invocations
  1114 | D:2      | Found a faded altar of an unknown god.
  1197 | D:3      | Noticed Ijyb
  1208 | D:3      | Killed Ijyb
  1209 | D:3      | Reached skill level 1 in Short Blades
  1209 | D:3      | Reached skill level 1 in Long Blades
  1209 | D:3      | Reached skill level 1 in Axes
  1209 | D:3      | Reached skill level 1 in Maces & Flails
  1209 | D:3      | Reached skill level 1 in Polearms
  1209 | D:3      | Reached skill level 1 in Slings
  1209 | D:3      | Reached skill level 1 in Bows
  1209 | D:3      | Reached skill level 1 in Crossbows
  1209 | D:3      | Reached skill level 1 in Stealth
  1209 | D:3      | Reached skill level 1 in Shields
  1209 | D:3      | Reached skill level 1 in Unarmed Combat
  1209 | D:3      | Reached skill level 1 in Spellcasting
  1209 | D:3      | Reached skill level 1 in Evocations
  1209 | D:3      | Reached XP level 4. HP: 25/38 MP: 5/5
  1565 | D:3      | Found a hide-covered altar of Uskayaw.
  1702 | D:3      | Found Zutihamo's Armour Boutique.
  1855 | D:3      | Noticed Sigmund
  1868 | D:3      | Killed Sigmund
  1869 | D:3      | Reached skill level 1 in Conjurations
  1869 | D:3      | Reached skill level 1 in Hexes
  1869 | D:3      | Reached skill level 1 in Summonings
  1869 | D:3      | Reached skill level 1 in Necromancy
  1869 | D:3      | Reached skill level 1 in Translocations
  1869 | D:3      | Reached skill level 1 in Transmutations
  1869 | D:3      | Reached skill level 1 in Fire Magic
  1869 | D:3      | Reached skill level 1 in Ice Magic
  1869 | D:3      | Reached skill level 1 in Air Magic
  1869 | D:3      | Reached skill level 1 in Earth Magic
  1869 | D:3      | Reached skill level 1 in Poison Magic
  1869 | D:3      | Reached XP level 5. HP: 31/43 MP: 5/7
  1869 | D:3      | Reached XP level 6. HP: 36/50 MP: 5/8
  2050 | D:3      | Found a runed translucent door.
  2052 | D:3      | Noticed Crazy Yiuf
  2183 | D:3      | Killed Crazy Yiuf
  2429 | D:4      | Reached skill level 5 in Fighting
  2429 | D:4      | Reached skill level 5 in Staves
  2429 | D:4      | Reached skill level 5 in Throwing
  2429 | D:4      | Reached skill level 5 in Armour
  2429 | D:4      | Reached skill level 5 in Dodging
  2768 | D:4      | Found a staircase to the Ecumenical Temple.
  2945 | Temple   | Entered the Ecumenical Temple
  3673 | D:5      | Entered Level 5 of the Dungeon
  3954 | D:5      | Reached XP level 7. HP: 16/56 MP: 10/10
  4453 | D:5      | Identified the +1 leather armour of the Okapi {Contam Will+
                  | Int+4}
  5497 | D:6      | Found Mafeem's Antique Armour Shop.
  5658 | D:6      | Noticed a boulder beetle
  5662 | D:6      | Slain by a boulder beetle

Illustrated notes

Levels and vault maps discovered:
D:1:      dpeg_arrival_tiny_j, layout_rooms, serial_shops, shop
D:2:      layout_rooms, chequers_ecumenical_altar_simple, kennysheep_doodads,
          hangedman_abyss_or_decor_stabs, lemuel_old_faithful
D:3:      layout_basic, nicolae_uskayaw_suspiria, serial_shops,
          nicolae_shop_waterfront, uniq_ijyb, uniq_crazy_yiuf_cottage,
          uniq_sigmund
D:4:      layout_rooms, temple_statues, minmay_splitting_lines
D:5:      layout_basic, gup_sewer_entry_bowl
D:6:      layout_basic, serial_shops, shop, minmay_misc_feat_chi,
          hangedman_minor_gate_pass
Temple:   minmay_temple_curvy_loop

Skill      XL: |  1  2  3  4  5  6  7 |
---------------+----------------------+-----
Invocations    | 1 2 3 |  3.0
Short Blades   | 1 2 |  2.6
Long Blades    | 1 2 |  2.6
Axes           | 1 2 |  2.6
Maces & Flails | 1 2 |  2.6
Polearms       | 1 2 |  2.6
Slings         | 1 2 |  2.6
Bows           | 1 2 |  2.6
Crossbows      | 1 2 |  2.6
Stealth        | 1 2 |  2.6
Shields        | 1 2 |  2.6
Unarmed Combat | 1 2 |  2.6
Spellcasting   | 1 2 |  2.6
Evocations     | 1 2 |  2.6
Conjurations   | 1 2 |  2.1
Hexes          | 1 2 |  2.1
Summonings     | 1 2 |  2.1
Necromancy     | 1 2 |  2.1
Translocations | 1 2 |  2.1
Transmutations | 1 2 |  2.1
Fire Magic     | 1 2 |  2.1
Ice Magic      | 1 2 |  2.1
Air Magic      | 1 2 |  2.1
Earth Magic    | 1 2 |  2.1
Poison Magic   | 1 2 |  2.1
Fighting       | 5 |  5.3
Staves         | 5 |  5.3
Throwing       | 5 |  5.3
Armour         | 5 |  5.3
Dodging        | 5 |  5.3

Action                   |  1- 3 |  4- 6 |  7- 9 || total
-------------------------+-------+-------+-------++-------
Melee: Quarterstaff      |    88 |    43 |       ||   131
       Bite              |     6 |     8 |     7 ||    21
       Scythe            |       |    79 |    43 ||   122
Throw: Stone             |       |     7 |       ||     7
Evoke: Wand              |       |     3 |       ||     3
  Use: Scroll            |       |       |    11 ||    11
       Potion            |       |       |     2 ||     2
Armor: Scale mail        |    35 |    70 |    12 ||   117
Dodge: Dodged            |    43 |    84 |    29 ||   156
       Repelled          |       |     1 |       ||     1
